 Dungeon Crawl Stone Soup version 0.30-a0-168-g0b976cbdc4 (webtiles) character file.

Game seed: 5819400801509858773

43 qw the Chopper (level 3, 0/23 HPs)
             Began as a Gargoyle Fighter on Sept 29, 2022.
             Slain by an orc priest
             ... wielding a +0 hand axe
              (1 damage)
             ... on level 2 of the Dungeon.
             The game lasted 00:00:28 (1343 turns).

qw the Chopper (Gargoyle Fighter)                   Turns: 1343, Time: 00:00:29

Health: 0/23       AC: 10    Str: 21    XL:     3   Next: 58%
Magic:  3/3        EV:  9    Int:  8    God:
Gold:   83         SH:  4    Dex:  9    Spells: 2/2 levels left

rFire   . . .      SeeInvis .    a - +0 war axe
rCold   . . .      Faith    .    c - +0 buckler
rNeg    + . .      Spirit   .    b - +0 scale mail
rPois   inf        Reflect  .    (no helmet)
rElec   +          Harm     .    (no cloak)
rCorr   .          Rampage  .    (no gloves)
Will    .....                    (no boots)
Stlth   ..........               (no amulet)
HPRegen 0.07/turn                (no ring)
MPRegen 0.08/turn                (no ring)

@: no status effects
A: sickness immunity, AC +3, negative energy resistance 1, electricity
resistance, torment resistance 1, petrification resistance
a: no special abilities


You were on level 2 of the Dungeon.
You visited 1 branch of the dungeon, and saw 2 of its levels.

You collected 83 gold pieces.


Innate Abilities, Weirdness & Mutations

You are immune to sickness and miasma.
Your stone body is resilient. (AC +3)
You are immune to poison.
You resist negative energy. (rN+)
You are resistant to electric shocks. (rElec)
You are resistant to unholy torment.
You are immune to petrification.


   Skills:
 - Level 3.2 Fighting
 + Level 3.5 Axes
 - Level 3.2 Armour
 - Level 3.2 Shields


You had 2 spell levels left.
You didn't know any spells.
Your spell library was empty.

Inventory:

Hand Weapons
 a - a +0 war axe (weapon)
 f - a +0 club
Armour
 b - a +0 scale mail (worn)
 c - a +0 buckler (worn)
Potions
 d - a potion of might
 e - a potion of haste {unknown}
 g - a potion of curing {unknown}
 h - a potion of flight {unknown}
 i - a potion of brilliance {unknown}

Dungeon Overview and Level Annotations

Branches:
Dungeon (2/15)

Altars:


Message History

You hit the endoplasm.
The endoplasm is almost dead.
The endoplasm freezes you.
You are frozen.
The endoplasm freezes you.
You are frozen.
You slash the endoplasm!
You kill the endoplasm!
You start resting.
HP restored.
An orc wizard comes into view. It is wielding a +3 dagger.
The orc wizard shouts!
You hear a shout! x3
An orc priest comes into view. It is wielding a +0 hand axe.
An orc comes into view. It is wielding a +0 mace.
The orc wizard points at you and mumbles some strange words.
The puff of flame misses you.
An orc priest comes into view. It is wielding a +0 dagger.
The orc priest shouts!
You hear a shout!
A dart slug comes into view.
You barely miss the orc priest. You hit the orc wizard.
You block the orc wizard's attack.
The orc priest mumbles some strange prayers to Beogh against you.
Beogh smites you!
Ouch! That really hurt!
The orc priest hits you with a +0 hand axe.
The orc priest barely misses you.
The orc wizard hits you with a +3 dagger.
The orc priest begins to cast a cantrip, but forgets the words!
You hit the orc priest.
The orc priest is lightly wounded.
You barely miss the orc wizard.
An orc comes into view. It is wielding a +0 war axe.
The orc wizard points at you and mumbles some strange words.
You resist with significant effort.
The orc shouts!
You hit the orc priest but do no damage.
The orc priest is lightly wounded.
You closely miss the orc wizard.
The orc priest hits you with a +0 hand axe.
You die...

.#####+#####
owo....o...######
#...oo@........########
#..............'.......
#..............########
#####+##...............
#.#.........###
#.#......%..+
..#.........##+#
#....#####....... #...
#..%....


You could see 2 orc priests, an orc wizard, a dart slug and 2 orcs.

Vanquished Creatures
  2 worms (D:2)
  A ball python (D:1)
  7 endoplasms
  2 giant cockroaches
  3 goblins
  7 jackals (D:1)
  3 kobolds (D:1)
  2 bats (D:1)
  3 frilled lizards
  2 rats (D:1)
32 creatures vanquished.

Notes
Turn   | Place    | Note
-------+----------+-------------------------------------------
     0 | D:1      | qw the Gargoyle Fighter began the quest for the Orb.
     0 | D:1      | Reached XP level 1. HP: 14/14 MP: 1/1
     0 | D:1      | 0 ||| qw: Version: 0.2-a-12-gaebbb33
     0 | D:1      | 0 ||| qw: Game counter: 1121
     0 | D:1      | 0 ||| qw: Always use a shield: true
     0 | D:1      | 0 ||| qw: God list: Okawaru
     0 | D:1      | 0 ||| qw: Allow faded altars: false
     0 | D:1      | 0 ||| qw: Do Orc after D:15 true
     0 | D:1      | 0 ||| qw: Do second Lair branch before Depths: true
     0 | D:1      | 0 ||| qw: Lair rune preference: random
     0 | D:1      | 0 ||| qw: Plans: Normal, Zot:1-4, God:TSO, Crypt, Tomb,
                  | Pan, Slime:5, Hells, Abyss, Orb
     0 | D:1      | 0 ||| PLANNING D:1-11
    81 | D:1      | Reached XP level 2. HP: 15/19 MP: 2/2
   296 | D:1      | 296 ||| Stepping ~*~*~tactically~*~*~ (stealth).
   297 | D:1      | 297 ||| Stepping ~*~*~tactically~*~*~ (stealth).
   314 | D:1      | Reached skill level 3 in Axes
   602 | D:1      | Reached XP level 3. HP: 23/23 MP: 3/3
   669 | D:1      | 669 ||| Stepping ~*~*~tactically~*~*~ (stealth).
   829 | D:2      | HP: 3/23 [worm (8)]
   869 | D:2      | 869 ||| FLEEEEING.
   870 | D:2      | 870 ||| FLEEEEING.
   871 | D:2      | 871 ||| FLEEEEING.
   873 | D:2      | HP: 4/23 [frilled lizard (2)]
  1341 | D:2      | HP: 1/23 [orc wizard/+3 dagger (5)]
  1343 | D:2      | Slain by an orc priest

Levels and vault maps discovered:
D:1:      heliophobic_arrival_henge, layout_rooms, dk_noncrumbling_2
D:2:      layout_basic, uniq_terence

Skill      XL: |  1  2 |
---------------+-------+-----
Axes           | 2 3 |  3.5
Fighting       | |  3.2
Armour         | |  3.2
Shields        | |  3.2

Action                   || total
-------------------------++-------
Melee: War axe           ||    83
Armor: Scale mail        ||    37
Dodge: Dodged            ||    36
Block: Buckler           ||    10

Table legend:
 A = Non-vault XP
 B = Vault XP
 C = Vault XP percentage of total XP
 D = Non-vault monster count
 E = Vault monster count
 F = Vault count percentage of total count
                 A         B        C        D         E       F
            +---------+---------+-------+---------+---------+-------
      Total |      62 |       0 |   0.0 |      32 |       0 |   0.0
            +---------+---------+-------+---------+---------+-------
        D:1 |      40 |       0 |   0.0 |      23 |       0 |   0.0
        D:2 |      22 |       0 |   0.0 |       9 |       0 |   0.0
            +---------+---------+-------+---------+---------+-------
